SL
BILOXI SHUCKERS @ CHATTANOOGA LOOKOUTS
08/28/2099
 
TOP OF THE 1ST
Biloxi Shuckers batting - Pitching for Chattanooga Lookouts : RHP Butch Reilly
Pitching: RHP Butch Reilly
Batting: RHB John Badowski 0-0: TRIPLE (Flyball, 78XD, EV 96.9 MPH)
Batting: RHB Zach Elerson 0-0: Fly out, F8 (Flyball, 8LD, EV 92.5 MPH)
Runner from 3rd tags up, SCORES, throw by CF
Batting: RHB Eliezer Frias 0-0: Ball
1-0: Ball
2-0: Called Strike
2-1: Foul Ball, location: 23FF
2-2: DOUBLE (Line Drive, 7LM, EV 105.0 MPH)
Batting: RHB Marco Gutierrez 0-0: Ball
1-0: Ball
2-0: Ball
3-0: Called Strike
3-1: Foul Ball, location: 2F
3-2: SINGLE (Line Drive, 34D, EV 103.8 MPH)
Eliezer Frias to third
Runner from 3rd tries for Home, SAFE, throw by RF to home
Batting: RHB Mike Orellana 0-0: Ball
1-0: Ball
2-0: Called Strike
2-1: Ball
3-1: Called Strike
3-2: Foul Ball, location: 3FF
3-2: Foul Ball, location: 2F
3-2: Foul Ball, location: 25FF
3-2: Fielders Choice at 2nd, 5-4 (Groundball, 5, EV 94.4 MPH)
Batting: RHB Cesar Oropeza 0-0: Called Strike
0-1: Fielders Choice at 2nd, 6-4 (Groundball, 6, EV 92.5 MPH)
Top of the 1st over - 2 runs, 3 hits, 0 errors, 1 left on base; Biloxi 2 - Chattanooga 0
BOTTOM OF THE 1ST
Chattanooga Lookouts batting - Pitching for Biloxi Shuckers : RHP Aaron Carson
Pitching: RHP Aaron Carson
Batting: LHB Max Utting 0-0: Ball
1-0: Ball
2-0: Ball
3-0: Base on Balls
Batting: LHB Chris Ray 0-0: Ball
Max Utting is caught stealing 2nd base 2-6
1-0: Ball
2-0: Foul Ball, location: 9LSFF
2-1: Ball
3-1: Foul Ball, location: 2F
3-2: Ground out 1-3 (Groundball, P, EV 71.9 MPH)
Batting: RHB Tony Sanchez 0-0: Called Strike
0-1: Ball
1-1: Hit by Pitch
Batting: LHB Fernando Torres 0-0: Ball
1-0: Ball
2-0: Ball
3-0: Called Strike
3-1: Foul Ball, location: 23F
3-2: Foul Ball, location: 2F
3-2: Strikes out looking
Bottom of the 1st over - 0 runs, 0 hits, 0 errors, 1 left on base; Biloxi 2 - Chattanooga 0
TOP OF THE 2ND
Biloxi Shuckers batting - Pitching for Chattanooga Lookouts : RHP Butch Reilly
Batting: RHB David Levesque 0-0: Ball
1-0: Ground out 6-3 (Groundball, 56, EV 90.6 MPH)
Batting: RHB Josh Merklin 0-0: Ball
1-0: Fly out, F3 (Popup, 3SF, EV 68.1 MPH)
Batting: RHB Jimmy Stanic 0-0: Called Strike
0-1: Swinging Strike
0-2: Ball
1-2: Foul Ball, location: 7LSF
1-2: Foul Ball, location: 2F
1-2: Fly out, F9 (Flyball, 9D, EV 101.3 MPH)
Top of the 2nd over - 0 runs, 0 hits, 0 errors, 0 left on base; Biloxi 2 - Chattanooga 0
BOTTOM OF THE 2ND
Chattanooga Lookouts batting - Pitching for Biloxi Shuckers : RHP Aaron Carson
Batting: RHB Josh Biehl 0-0: Ball
1-0: Foul Ball, location: 9LSF
1-1: Foul Ball, location: 7LDF
1-2: Foul Ball, location: 5F
1-2: Ball
2-2: Foul Ball, location: 2F
2-2: Strikes out swinging
Batting: LHB Eddie Lopez 0-0: Ball
1-0: Called Strike
1-1: Fly out, F9 (Flyball, 9, EV 93.1 MPH)
Batting: SHB John Daniels 0-0: Ball
1-0: Called Strike
1-1: Fly out, F7 (Flyball, 78D, EV 99.4 MPH)
Bottom of the 2nd over - 0 runs, 0 hits, 0 errors, 0 left on base; Biloxi 2 - Chattanooga 0
TOP OF THE 3RD
Biloxi Shuckers batting - Pitching for Chattanooga Lookouts : RHP Butch Reilly
Batting: RHB John Badowski 0-0: Fly out, F6 (Popup, 4MD, EV 51.9 MPH)
Batting: RHB Zach Elerson 0-0: Called Strike
0-1: Swinging Strike
0-2: Ball
1-2: Ball
2-2: Strikes out swinging
Batting: RHB Eliezer Frias 0-0: Called Strike
0-1: Foul Ball, location: 2F
0-2: Ball
1-2: Ball
2-2: SINGLE (Groundball, 6MD, EV 101.3 MPH)
Batting: RHB Marco Gutierrez 0-0: Called Strike
0-1: Called Strike
0-2: Ball
1-2: Foul Ball, location: 5FF
1-2: Fly out, F8 (Flyball, 8LM, EV 77.5 MPH)
Top of the 3rd over - 0 runs, 1 hit, 0 errors, 1 left on base; Biloxi 2 - Chattanooga 0
BOTTOM OF THE 3RD
Chattanooga Lookouts batting - Pitching for Biloxi Shuckers : RHP Aaron Carson
Batting: RHB Nate Andrews 0-0: Foul Ball, location: 7LDF
0-1: Foul Ball, location: 2F
0-2: Strikes out looking
Batting: RHB Matt Ortega 0-0: Called Strike
0-1: Ball
1-1: Foul Ball, location: 2F
1-2: Foul Ball, location: 9LDF
1-2: Foul Ball, location: 5F
1-2: Foul Ball, location: 9LSF
1-2: Ball
2-2: Ball
3-2: Foul Ball, location: 5F
3-2: Fly out, F9 (Flyball, 9LS, EV 97.5 MPH)
Batting: LHB Max Utting 0-0: Called Strike
0-1: Fly out, F9 (Line Drive, 89M, EV 94.4 MPH)
Bottom of the 3rd over - 0 runs, 0 hits, 0 errors, 0 left on base; Biloxi 2 - Chattanooga 0
TOP OF THE 4TH
Biloxi Shuckers batting - Pitching for Chattanooga Lookouts : RHP Butch Reilly
Batting: RHB Mike Orellana 0-0: Fly out, F4 (Popup, 34, EV 73.8 MPH)
Batting: RHB Cesar Oropeza 0-0: Called Strike
0-1: Ground out 5-3 (Groundball, 56S, EV 70.6 MPH)
Batting: RHB David Levesque 0-0: Fly out, F9 (Flyball, 9, EV 95.6 MPH)
Top of the 4th over - 0 runs, 0 hits, 0 errors, 0 left on base; Biloxi 2 - Chattanooga 0
BOTTOM OF THE 4TH
Chattanooga Lookouts batting - Pitching for Biloxi Shuckers : RHP Aaron Carson
Batting: LHB Chris Ray 0-0: Ball
1-0: Reached on error, E5 (Groundball, 56S, EV 70.6 MPH)
Batting: RHB Tony Sanchez 0-0: Ball
1-0: Ball
2-0: Called Strike
2-1: Fly out, F4 (Flyball, 4MD, EV 85.6 MPH)
Batting: LHB Fernando Torres 0-0: Ball
1-0: Foul Ball, location: 3FF
1-1: Foul Ball, location: 2F
1-2: Fly out, F7 (Flyball, 78D, EV 88.1 MPH)
Batting: RHB Josh Biehl 0-0: Called Strike
0-1: Called Strike
0-2: Ball
Chris Ray is caught stealing 2nd base 2-4
Bottom of the 4th over - 0 runs, 0 hits, 1 error, 0 left on base; Biloxi 2 - Chattanooga 0
TOP OF THE 5TH
Biloxi Shuckers batting - Pitching for Chattanooga Lookouts : RHP Butch Reilly
Batting: RHB Josh Merklin 0-0: Called Strike
0-1: Ball
1-1: Swinging Strike
1-2: Strikes out swinging
Batting: RHB Jimmy Stanic 0-0: Ball
1-0: Called Strike
1-1: SINGLE (Line Drive, 4D, EV 94.4 MPH)
Batting: RHB John Badowski 0-0: Ball
1-0: Grounds into double play, 5-4-3 (Groundball, 56S, EV 89.4 MPH)
Top of the 5th over - 0 runs, 1 hit, 0 errors, 0 left on base; Biloxi 2 - Chattanooga 0
BOTTOM OF THE 5TH
Chattanooga Lookouts batting - Pitching for Biloxi Shuckers : RHP Aaron Carson
Batting: RHB Josh Biehl 0-0: Ball
1-0: SINGLE (Flyball, 6MD, EV 94.4 MPH)
Batting: LHB Eddie Lopez 0-0: Swinging Strike
0-1: Ball
1-1: Called Strike
1-2: Ball
2-2: Ball
3-2: Foul Ball, location: 25F
3-2: DOUBLE (Flyball, 8LXD, EV 97.5 MPH)
Josh Biehl to third
Batting: SHB John Daniels 0-0: Foul Ball, location: 5F
0-1: Ball
Wild Pitch!
Josh Biehl scores
Eddie Lopez to third
1-1: Ground out 4-3 (Groundball, 4M, EV 108.1 MPH)
Batting: RHB Nate Andrews 0-0: Ball
1-0: Ball
2-0: Ball
3-0: Called Strike
3-1: Called Strike
3-2: Fly out, F8 (Flyball, 78M, EV 90.6 MPH)
Runner from 3rd tags up, SCORES, throw by CF
Batting: RHB Matt Ortega 0-0: Called Strike
0-1: Swinging Strike
0-2: Ball
1-2: Ground out 6-3 (Groundball, 6, EV 106.9 MPH)
Bottom of the 5th over - 2 runs, 2 hits, 0 errors, 0 left on base; Biloxi 2 - Chattanooga 2
TOP OF THE 6TH
Biloxi Shuckers batting - Pitching for Chattanooga Lookouts : RHP Butch Reilly
Batting: RHB Zach Elerson 0-0: Ball
1-0: Ball
2-0: Ball
3-0: Base on Balls
Batting: RHB Eliezer Frias 0-0: Swinging Strike
0-1: Ball
1-1: Fly out, F7 (Line Drive, 78M, EV 86.3 MPH)
Batting: RHB Marco Gutierrez 0-0: DOUBLE (Flyball, 8LXD, EV 95.0 MPH)
Zach Elerson to third
Runner from 3rd tries for Home, SAFE, no throw by CF
Batting: RHB Mike Orellana 0-0: Ball
1-0: Fly out, F9 (Flyball, 9, EV 98.8 MPH)
Batting: RHB Cesar Oropeza 0-0: Ball
1-0: Foul Ball, location: 9LDF
1-1: Ball
2-1: Called Strike
2-2: Strikes out swinging
Top of the 6th over - 1 run, 1 hit, 0 errors, 1 left on base; Biloxi 3 - Chattanooga 2
BOTTOM OF THE 6TH
Chattanooga Lookouts batting - Pitching for Biloxi Shuckers : RHP Aaron Carson
Batting: LHB Max Utting 0-0: Fly out, F9 (Flyball, 89M, EV 89.4 MPH)
Batting: LHB Chris Ray 0-0: Ground out 4-3 (Groundball, 4D, EV 99.4 MPH)
Batting: RHB Tony Sanchez 0-0: Called Strike
0-1: Fly out, F9 (Flyball, 9, EV 78.8 MPH)
Bottom of the 6th over - 0 runs, 0 hits, 0 errors, 0 left on base; Biloxi 3 - Chattanooga 2
TOP OF THE 7TH
Biloxi Shuckers batting - Pitching for Chattanooga Lookouts : RHP Butch Reilly
Batting: RHB David Levesque 0-0: Fly out, F8 (Flyball, 8RD, EV 101.3 MPH)
Batting: RHB Josh Merklin 0-0: Ball
1-0: Swinging Strike
1-1: Fly out, F9 (Line Drive, 9D, EV 89.4 MPH)
Batting: RHB Jimmy Stanic 0-0: Foul Ball, location: 2F
0-1: Foul Ball, location: 9LMF
0-2: Foul Ball, location: 2RF
0-2: Ball
1-2: Ball
2-2: DOUBLE (Flyball, 78D, EV 93.1 MPH)
Batting: RHB John Badowski 0-0: Ground out 5-3 (Groundball, 56, EV 108.1 MPH)
Top of the 7th over - 0 runs, 1 hit, 0 errors, 1 left on base; Biloxi 3 - Chattanooga 2
BOTTOM OF THE 7TH
Chattanooga Lookouts batting - Pitching for Biloxi Shuckers : RHP Aaron Carson
Batting: LHB Fernando Torres 0-0: Called Strike
0-1: Swinging Strike
0-2: Strikes out looking
Batting: RHB Josh Biehl 0-0: Foul Ball, location: 5F
0-1: Foul Ball, location: 2F
0-2: Foul Ball, location: 9LSF
0-2: Foul Ball, location: 2F
0-2: Foul Ball, location: 7LDF
0-2: Ball
1-2: Ball
2-2: Strikes out swinging
Batting: LHB Eddie Lopez 0-0: Ball
1-0: Ball
2-0: Ball
3-0: Base on Balls
Pitching: RHP Josh Felty
Batting: SHB John Daniels 0-0: Foul Ball, location: 7LDF
0-1: Swinging Strike
0-2: Ball
1-2: Foul Ball, location: 2F
1-2: Ball
Eddie Lopez is caught stealing 2nd base 2-6
Bottom of the 7th over - 0 runs, 0 hits, 0 errors, 0 left on base; Biloxi 3 - Chattanooga 2
TOP OF THE 8TH
Biloxi Shuckers batting - Pitching for Chattanooga Lookouts : RHP Butch Reilly
Batting: RHB Zach Elerson 0-0: Ball
1-0: Ground out 5-3 (Groundball, 5, EV 98.1 MPH)
Batting: RHB Eliezer Frias 0-0: Ball
1-0: Foul Ball, location: 2F
1-1: Foul Ball, location: 2F
1-2: Strikes out swinging
Batting: RHB Marco Gutierrez 0-0: Ball
1-0: Ball
2-0: Ground out 1-3 (Groundball, 25, EV 66.3 MPH)
Top of the 8th over - 0 runs, 0 hits, 0 errors, 0 left on base; Biloxi 3 - Chattanooga 2
BOTTOM OF THE 8TH
Chattanooga Lookouts batting - Pitching for Biloxi Shuckers : RHP Josh Felty
Batting: SHB John Daniels 0-0: Ball
1-0: Called Strike
1-1: Ground out 4-3 (Groundball, 34, EV 94.4 MPH)
Batting: RHB Nate Andrews 0-0: Ball
1-0: Ball
2-0: SINGLE (Groundball, 6MD, EV 93.8 MPH)
Batting: RHB Matt Ortega 0-0: Called Strike
0-1: Swinging Strike
0-2: Foul Ball, location: 2F
0-2: Foul Ball, location: 3F
0-2: Strikes out swinging
Batting: LHB Max Utting 0-0: Ball
1-0: Ball
2-0: Ball
3-0: Base on Balls
Nate Andrews to second
Batting: LHB Chris Ray 0-0: Ground out 5-3 (Groundball, 56, EV 101.3 MPH)
Bottom of the 8th over - 0 runs, 1 hit, 0 errors, 2 left on base; Biloxi 3 - Chattanooga 2
TOP OF THE 9TH
Biloxi Shuckers batting - Pitching for Chattanooga Lookouts : RHP Butch Reilly
Batting: RHB Mike Orellana 0-0: Fly out, F3 (Popup, 3F, EV 75.6 MPH)
Batting: RHB Cesar Oropeza 0-0: Ball
1-0: Foul Ball, location: 2F
1-1: Foul Ball, location: 23F
1-2: Foul Ball, location: 2F
1-2: Ball
2-2: Strikes out swinging, 2-3 out at first.
Pitching: RHP Bobby Marin
Batting: RHB David Levesque 0-0: Foul Ball, location: 9LSF
0-1: Called Strike
0-2: Ball
1-2: SINGLE (Line Drive, 89M, EV 98.1 MPH)
Batting: RHB Josh Merklin 0-0: Ball
1-0: Called Strike
1-1: Fielders Choice at 2nd, U4 (Groundball, 4M, EV 97.5 MPH)
Top of the 9th over - 0 runs, 1 hit, 0 errors, 1 left on base; Biloxi 3 - Chattanooga 2
BOTTOM OF THE 9TH
Chattanooga Lookouts batting - Pitching for Biloxi Shuckers : RHP Josh Felty
Batting: RHB Tony Sanchez 0-0: Called Strike
0-1: Ball
1-1: SINGLE (Line Drive, 78S, EV 106.9 MPH)
Batting: LHB Fernando Torres 0-0: Fly out, F7 (Flyball, 7, EV 87.5 MPH)
Batting: RHB Josh Biehl 0-0: Called Strike
0-1: Ball
1-1: Swinging Strike
1-2: Ball
2-2: Foul Ball, location: 3FF
2-2: Ball
3-2: Foul Ball, location: 23F
3-2: Fly out, F9 (Flyball, 9D, EV 106.3 MPH)
Batting: LHB Eddie Lopez 0-0: Ball
1-0: Foul Ball, location: 7LMF
1-1: Foul Ball, location: 23F
1-2: Foul Ball, location: 23F
1-2: Ball
2-2: Foul Ball, location: 2F
2-2: Ball
3-2: Ground out 4-3 (Groundball, 4M, EV 87.5 MPH)
Bottom of the 9th over - 0 runs, 1 hit, 0 errors, 1 left on base; Biloxi 3 - Chattanooga 2
Sunday, May 12th , 2024 - OOTP Baseball 24.11 Build 85